AoeStats
← VIT Liereyy

Arabian Desert

508627839Analyzed
1v1 RM · 9d ago on Sep 23, 2026· 16m 54s· 2 players
Game mode
Random Map
Map size
Tiny (2 player)
Population
200
Speed
Normal
Resources
Standard
Victory
Conquest
Starting age
Dark Age
Ending age
Imperial Age
RankedLock teamsTeams togetherTeam positionsShared explorationLock speedFull tech treeHidden civsTurbo modeCheats
Victory
Defeat
🇦🇹 Danes · Austria
2917
+7
2684
-7
VIT Liereyy
6:20 Loom
8:48 Feudal Age
8:51 Man-at-Arms
9:17 Double-Bit Axe
9:59 Arson
12:33 Fletching
18:54 Castle Age
17:30 Scale Mail Armor
Thành Cổ Quảng Trị
7:40 Loom
10:01 Feudal Age
14:59 Castle Age
Connection lost

Rejoining the realm…

Still unreachable

The connection could not be restored.

Session expired

The server has moved on; the page needs a fresh start.